 Dungeon Crawl Stone Soup version 0.27-a0-1217-g8a41f320e8 (webtiles) character file.

Game seed: 5003232324078433150

46 Bnni the Skirmisher (level 3, 0/43 HPs)
             Began as a Demonspawn Fighter on June 6, 2021.
             Succumbed to Terence's poison
             ... on level 2 of the Dungeon.
             The game lasted 00:01:55 (1232 turns).

Bnni the Skirmisher (Demonspawn Fighter)            Turns: 1232, Time: 00:01:55

Health: 0/43       AC:  6    Str: 16    XL:     3   Next: 46%
Magic:  3/4        EV:  9    Int: 12    God:
Gold:   37         SH:  5    Dex: 12    Spells: 4/4 levels left

rFire    + . .     SeeInvis .   a - +0 long sword
rCold    . . .     Faith    .   (no shield)
rNeg     . . .     Spirit   .   b - +0 scale mail
rPois    .         Reflect  +   (helmet restricted)
rElec    .         Harm     .   (no cloak)
rCorr    .         Rampage  .   (no gloves)
Will     .....                  (no boots)
Stlth    ..........             k - amulet of reflection
HPRegen  0.14/turn              l - ring of protection from fire
MPRegen  0.09/turn              (no ring)

@: berserking, lethally poisoned (0 -> -2), very quick
A: horns 1, big brain 1
a: no special abilities


You were on level 2 of the Dungeon.
You visited 1 branch of the dungeon, and saw 2 of its levels.

You collected 37 gold pieces.

Inventory:

Hand Weapons
 a - a +0 long sword (weapon)
Missiles
 m - 4 javelins (quivered)
Armour
 b - a +0 scale mail (worn)
 c - a +0 kite shield
 g - a +0 helmet
Jewellery
 k - an amulet of reflection (around neck)
 l - a ring of protection from fire (left hand)
Scrolls
 f - a scroll of teleportation {unknown}
 j - a scroll of summoning {unknown}
Potions
 d - a potion of might
 e - a potion of berserk rage
 h - a potion of haste {unknown}
 i - a potion of magic {unknown}


   Skills:
 + Level 3.6 Fighting
 - Level 2.7 Long Blades
 - Level 2.6 Armour
 - Level 2.6 Shields
 + Level 1.0 Spellcasting


You had 4 spell levels left.
You didn't know any spells.
Your spell library contained the following spells:

 Spells                   Type           Power      Damage    Failure   Level
 Beastly Appendage        Tmut           0%         N/A       71%         1
 Wereblood                Tmut           0%         N/A       85%         2
 Spider Form              Tmut/Pois      0%         N/A       97%         3
 Ice Form                 Ice/Tmut       0%         N/A       100%        4
 Hydra Form               Tmut           0%         N/A       100%        5


Dungeon Overview and Level Annotations

Branches:
Dungeon (2/15)

Altars:

Annotations:
D:2 Terence


Innate Abilities, Weirdness & Mutations

You have a pair of small horns on your head.
You have an unusually large brain. (Int +2)


Message History

You hit the adder.
The adder is almost dead.
You feel sick.
The adder bites you but does no damage. x2
You miss the adder.
The adder is almost dead.
You feel sick.
You are no longer poisoned.
The adder barely misses you. The adder bites you but does no damage.
You hit the adder.
You kill the adder!
Terence says, "Did you write a will?
You should..."
The adder barely misses you.
You riposte.
You closely miss the adder.
Your Spellcasting skill increases to level 1!
You closely miss the adder. You block the adder's attack.
Terence hits you from afar with a +2 trident of venom!
* * * LOW HITPOINT WARNING * * *
You are lethally poisoned!
The adder bites you but does no damage.
* * * LOW HITPOINT WARNING * * *
You feel sick.
It was a potion of berserk rage.
A red film seems to cover your vision as you go berserk!
You feel yourself moving faster!
You feel mighty!
* * * LOW HITPOINT WARNING * * *
You feel sick. The adder barely misses you.
You are too berserk!
You barely miss the adder. Your headbutt misses the adder.
* * * LOW HITPOINT WARNING * * *
You feel sick. The adder barely misses you.
You barely miss the adder.
* * * LOW HITPOINT WARNING * * *
You feel sick. The adder bites you.
* * * LOW HITPOINT WARNING * * *
The adder bites you but does no damage.
You closely miss the adder.
* * * LOW HITPOINT WARNING * * *
You feel sick. You block the adder's attack.
You slash the adder!
You kill the adder!
You die...

.......# .............###.
.....<.# #............#
.......####............#
............###..†.#####
.....)..###..##....@...# #
........####.######S##..#
.# .............# #l.# .#.#
###########..#######.##...#
#.....@###...#..#.
#...#..†l@........
.....#######.........
....... #....#.##. .......#
####....# .....).. ###>..
....... #. .......


You could see Terence and a frilled lizard.

Vanquished Creatures
  3 adders (D:2)
  A dart slug (D:1)
  4 endoplasms (D:1)
  A giant cockroach (D:1)
  2 goblins
  3 hobgoblins (D:1)
  2 kobolds (D:1)
  2 ball pythons
  5 bats
  2 frilled lizards (D:1)
  2 rats (D:1)
27 creatures vanquished.

Notes
Turn   | Place    | Note
-------+----------+-------------------------------------------
     0 | D:1      | Bnni the Demonspawn Fighter began the quest for the Orb.
     0 | D:1      | Reached XP level 1. HP: 18/18 MP: 1/1
   371 | D:1      | Gained mutation: You have an unusually large brain. (Int
                  | +2) [demonic ancestry]
   371 | D:1      | Reached XP level 2. HP: 24/24 MP: 2/2
  1191 | D:2      | Noticed Terence
  1219 | D:2      | Gained mutation: You have a pair of small horns on your
                  | head. [demonic ancestry]
  1219 | D:2      | Reached XP level 3. HP: 23/29 MP: 3/3
  1226 | D:2      | Reached skill level 1 in Spellcasting
  1230 | D:2      | HP: 2/43 [adder (1)]
  1232 | D:2      | Succumbed to Terence's poison

Illustrated notes

Levels and vault maps discovered:
D:1:      dpeg_arrival_rooms_b, layout_basic, minmay_misc_feat_plants,
          chequers_serial_rivers_large_b, st_stairs_14
D:2:      layout_rooms, basic_altar, minmay_misc_feat_room, corner_web_ring,
          minmay_cut_off, uniq_terence

Skill      XL: |  1  2  3 |
---------------+----------+-----
Long Blades    | 2 |  2.7
Spellcasting   | 1 |  1.0
Fighting       | |  3.6
Armour         | |  2.6
Shields        | |  2.6

Action                   || total
-------------------------++-------
Melee: Long sword        ||    85
  Use: Potion            ||     1
Armor: Scale mail        ||    59
Dodge: Dodged            ||    56
Block: Other             ||     6
       Rpst.: Long sword ||    21

Table legend: (Time is in decaauts)
 A = Elapsed time spent in this place.
 B = Non-inter-level travel time spent in this place.
 C = Inter-level travel time spent in this place.
 D = Time resting spent in this place.
 E = Time spent auto-exploring this place.
 F = Levels seen in this place.
 G = Mean time per level.
                   A        B        C        D        E       F      G
               +--------+--------+--------+--------+--------+-----+--------+
         Total |   1303 |   1244 |     59 |     83 |    949 |   2 |  651.5 |
       Dungeon |   1303 |   1244 |     59 |     83 |    949 |   2 |  651.5 |
               +--------+--------+--------+--------+--------+-----+--------+

Top non-repeatable levels by time:
     D:1: 1211 daAuts
     D:2: 91 daAuts
